 Dungeon Crawl Stone Soup version 0.18-a0-1343-g48c8f86 (console) character file.

243 Liam the Ruffian (level 5, -5/54 HPs)
             Began as a Troll Berserker on Feb 16, 2016.
             Was a Priest of Trog.
             Slain by a gnoll
             ... wielding a +0 halberd
              (12 damage)
             ... on level 4 of the Dungeon.
             The game lasted 00:04:19 (2233 turns).

Liam the Ruffian (Troll Berserker)                  Turns: 2233, Time: 00:04:19

Health: -5/54      AC:  5    Str: 25    XL:     5   Next: 82%
Magic:  4/4        EV: 10    Int:  7    God:    Trog [***...]
Gold:   72         SH:  0    Dex:  9    Spells: 0 memorised, 4 levels left

rFire  . . .     SeeInvis .       - Unarmed
rCold  . . .     Gourm    +     a - +0 animal skin
rNeg   . . .     Faith    .     (no shield)
rPois  .         Spirit   .     (helmet restricted)
rElec  .         Dismiss  .     (no cloak)
rCorr  .         Reflect  .     (gloves unavailable)
SustAt .         Harm     .     (boots unavailable)
MR     .....     Rnd*Tele +     k - amulet of inaccuracy (curse)
Stlth  +.........               l - ring of teleportation (curse)
                                p - +3 ring of intelligence

@: not resistant to hostile enchantments, very unstealthy
A: unfitting armour, claws 3, fast metabolism 3, gourmand, regeneration 2,
shaggy fur 1, tough skin 2
a: Berserk, Trog's Hand, Burn Spellbooks, Renounce Religion


You were on level 4 of the Dungeon.
You worshipped Trog.
Trog was most pleased with you.
You were very full.

You visited 1 branch of the dungeon, and saw 4 of its levels.

You collected 72 gold pieces.

Inventory:

Armour
 a - a +0 animal skin (worn)
Jewellery
 j - an uncursed amulet of rage
 k - a cursed amulet of inaccuracy (around neck)
 l - a cursed ring of teleportation (right claw)
 p - a +3 ring of intelligence (left claw)
Scrolls
 f - a scroll of identify
 q - a scroll of amnesia {unknown}
Potions
 c - a potion of berserk rage
 e - a potion of ambrosia {unknown}
 g - a potion of heal wounds {unknown}
 h - a potion of resistance {unknown}
 n - a potion of haste {unknown}
 o - a potion of magic {unknown}
Comestibles
 b - 5 bread rations
 d - a meat ration
 i - 2 beef jerkies
 m - a slice of pizza


   Skills:
 + Level 3.7 Fighting
 + Level 3.8 Dodging
 + Level 4.3 Unarmed Combat


You had 4 spell levels left.
You didn't know any spells.

Dungeon Overview and Level Annotations

Branches:
Dungeon (4/15)
 Temple: D:4-7

Altars:
Okawaru


Innate Abilities, Weirdness & Mutations

You are too large for most types of armour.
You have claws for hands.
Your metabolism is lightning-fast.
You like to eat raw meat.
You heal very quickly.
You are covered in fur (AC +1).
You have very tough skin (AC +2).


Message History

You barely miss the gnoll. The gnoll hits you but does no damage.
You barely miss the gnoll.
The gnoll hits you from afar with a halberd!!
The gnoll hits you but does no damage.
You scratch the gnoll.
The gnoll is moderately wounded.
The gnoll closely misses you. The gnoll hits you with a whip.
You scratch the gnoll.
The gnoll is severely wounded.
The gnoll closely misses you. The gnoll barely misses you.
You mangle the gnoll!!
You kill the gnoll!
Trog accepts your kill.
The gnoll hits you from afar with a halberd!
* * * LOW HITPOINT WARNING * * *
You are too injured to fight recklessly!
Things that are here:
a whip; a gnoll corpse The gnoll hits you from afar with a halberd!
You die...

#. ...# ####.# # ###.. #.....
##.# #....# #.# #....# #.#
#....' #.. #....# #.##.####
#.################.###..#.####
...........g)@..).......).....
#/#....(...############...####
#.=......# #.#...# #
#...>....)g...... #.....# #
######+##........ #.##..# #
#...(.... #.##..# ## #....$...
#.....# #. #........ ####.##
#. #........ #.# #.


You could see a gnoll.

Vanquished Creatures
  The ghost of namelastname112 the Ruffian, a weakling DrTm (D:3)
  An iguana (D:4)
  A worker ant (D:4)
  4 adders
  3 gnolls (D:4)
  2 oozes
  3 worms
  4 giant geckos
  4 orcs (D:4)
  5 giant cockroaches
  4 goblins
  4 hobgoblins
  8 jackals
  8 kobolds
  3 ball pythons
  9 bats
  2 giant newts
  4 rats
70 creatures vanquished.

Vanquished Creatures (others)
  A plant (D:1)
1 creature vanquished.

Grand Total: 71 creatures vanquished

Notes
Turn   | Place    | Note
--------------------------------------------------------------
     0 | D:1      | Liam the Troll Berserker began the quest for the Orb.
     0 | D:1      | Reached XP level 1. HP: 22/22 MP: 0/0
   289 | D:1      | Reached XP level 2. HP: 29/29 MP: 1/1
   567 | D:1      | Reached ** piety under Trog
   673 | D:1      | Reached XP level 3. HP: 36/36 MP: 2/2
  1027 | D:2      | Found an iron altar of Okawaru.
  1620 | D:3      | Noticed namelastname112's ghost (weakling DrTm)
  1638 | D:3      | Killed namelastname112's ghost
  1638 | D:3      | Reached XP level 4. HP: 26/45 MP: 3/3
  1837 | D:3      | Reached XP level 5. HP: 53/53 MP: 4/4
  1880 | D:3      | Reached *** piety under Trog
  1959 | D:4      | Reached skill level 4 in Unarmed Combat
  2233 | D:4      | Slain by a gnoll

Vault maps used:
D:1:      dpeg_arrival_yet_another_circle, lexackson_kobold_supper
D:2:      okawaru_gym_becter
D:3:      grunt_temple_overflow_diamond, nrook_mini_vaults, uniq_terence,
          uniq_natasha, uniq_iyjb
D:4:      minmay_temple_entry_trees, first_bread

Action                   |  1- 3 |  4- 6 || total
-------------------------+-------+-------++-------
Melee: Unarmed           |   180 |   119 ||   299
Invok: Berserk           |     1 |     2 ||     3
  Use: Scroll            |     4 |     1 ||     5
  Eat: Chunk             |    18 |    10 ||    28
